 Dungeon Crawl Stone Soup version 0.18-a0-1293-g5a2c81a (webtiles) character file.

422 Ratboiler the Sneak (level 6, 0/47 HPs)
             Began as a Vampire Venom Mage on Feb 10, 2016.
             Slain by an orc (2 damage)
             ... on level 5 of the Dungeon.
             The game lasted 00:18:21 (4842 turns).

Ratboiler the Sneak (Vampire Venom Mage)            Turns: 4842, Time: 00:18:21

Health: 0/47       AC:  6    Str:  9    XL:     6   Next: 63%
Magic:  9/9        EV: 13    Int: 17    God:
Gold:   209        SH:  0    Dex: 15    Spells: 3 memorised, 3 levels left

rFire  . . .     SeeInvis +     B - +0 whip (freeze)
rCold  . . .     Gourm    .     p - +0 robe
rNeg   + . .     Faith    .     (no shield)
rPois  .         Spirit   .     D - +0 helmet
rElec  .         Dismiss  .     y - +2 cloak
rCorr  .         Reflect  .     (no gloves)
SustAt .         Harm     .     (no boots)
MR     .....                    (no amulet)
Stlth  ++++......               (no ring)
                                (no ring)

@: not resistant to hostile enchantments, stealthy
A: fangs 3, see invisible, unbreathing
a: Bat Form


You were on level 5 of the Dungeon.
You were not thirsty.

You visited 1 branch of the dungeon, and saw 5 of its levels.

You collected 209 gold pieces.

Inventory:

Hand Weapons
 a - a +0 short sword
 b - a +0 hunting sling
 n - a +0 whip
 s - a +2 quarterstaff of chaos
 B - a +0 whip of freezing (weapon)
Missiles
 e - 14 sling bullets of flame
 f - 17 arrows
 v - 17 steel bolts
 w - 25 bolts
Armour
 j - a +0 leather armour
 p - a +0 robe (worn)
 r - a +0 ring mail
 t - a +0 cloak
 u - a +0 scale mail of cold resistance
 y - a +2 cloak (worn)
 D - a +0 helmet (worn)
Jewellery
 m - a cursed ring of teleportation {unknown}
 q - an uncursed ring of fire {unknown}
Wands
 k - a wand of paralysis (22/24)
Scrolls
 d - a scroll of fear {unknown}
 h - a scroll of random uselessness
 i - 4 scrolls of enchant armour
 l - 4 scrolls of enchant weapon {unknown}
 C - 2 scrolls of immolation {unknown}
Potions
 g - 2 potions of ambrosia
 o - a potion of agility {unknown}
 z - 3 potions of curing {unknown}
 A - a potion of brilliance {unknown}
Books
 c - a Young Poisoner's Handbook

   Spells                             Type                      Level
   a - Sting                          Conjuration/Poison           1
   b - Cure Poison                    Poison                       2
   c - Mephitic Cloud                 Conjuration/Poison/Air       3
   d - Olgreb's Toxic Radiance        Poison                       4
   e - Venom Bolt                     Conjuration/Poison           5
 x - an Akashic Record

   Spells                             Type                      Level
   a - Dispersal                      Translocation                6
   b - Malign Gateway                 Summoning/Translocation      7
   c - Disjunction                    Translocation                8
   d - Controlled Blink               Translocation                8


   Skills:
 + Level 3.5 Fighting
 - Level 3.5 Dodging
 + Level 7.6 Stealth
 - Level 2.0 Spellcasting
 - Level 1.0 Conjurations
 - Level 3.6 Poison Magic


You had 3 spell levels left.
You knew the following spells:

 Your Spells              Type           Power        Failure   Level  Hunger
a - Sting                 Conj/Pois      #...         10%         1    #......
b - Cure Poison           Pois           ##........   10%         2    ###....
c - Mephitic Cloud        Conj/Pois/Air  #.......     30%         3    ###....


Dungeon Overview and Level Annotations

Branches:
Dungeon (5/15)
 Temple: D:4-7

Altars:
Ashenzari
Elyvilon
Gozag
Okawaru
Pakellas
Sif Muna
Xom

Annotations:
D:2 Sigmund
D:3 Grinder


Innate Abilities, Weirdness & Mutations

You have razor-sharp teeth.
You have supernaturally acute eyesight.
You can survive without breathing.


Message History

The gnoll moves out of view.
An orc comes into view.
The quokka bites you but does no damage.
You hit the orc but do no damage. The orc hits you.
The quokka barely misses you.
You barely miss the orc. The quokka bites you. The gnoll closely misses you.
The orc hits you but does no damage.
You hit the orc but do no damage. The quokka barely misses you.
The orc hits you.
The gnoll hits you from afar with a halberd!
The quokka barely misses you. The gnoll misses you.
You hit the orc but do no damage. The orc closely misses you.
The quokka barely misses you. The gnoll closely misses you.
The gnoll hits you from afar with a spear!
* * * LOW HITPOINT WARNING * * *
The orc hits you.
* * * LOW HITPOINT WARNING * * *
A gnoll comes into view. It is wielding a spear.
The orc hits you.
You die...

#...g...g......... #g.
#.##...##.........
#..##.#######.........
#.......%..####...#...
#..........##...###### .....
................# . #...#
#...##...##....# ..
#...####...##g..##....# ...
#......#..@o.g...#....#
..##......#...r.....#....#
..[.....#..............#
....##.....#######...#.....#
#....##.<...# #####....##
.....##......... .####
.....##.........
.......$........
..[..##.O....#..


You could see 3 gnolls, an orc and a quokka.

Vanquished Creatures
  2 scorpions (D:4)
  A hound (D:4)
  3 orc priests (D:3)
  An orc wizard (D:4)
  Crazy Yiuf (D:2)
  Terence (D:3)
  An iguana (D:4)
  A hound skeleton (D:4)
  An adder (D:4)
  A worm (D:3)
  3 giant geckos
  19 orcs
  A ball python (D:3)
  2 giant cockroaches
  6 goblins
  11 hobgoblins
  A jackal (D:2)
  5 kobolds
  A quokka (D:4)
  A bat (D:1)
  3 giant newts
  A jackal skeleton (D:4)
  A jackal zombie (D:5)
  3 rats
71 creatures vanquished.

Notes
Turn   | Place    | Note
--------------------------------------------------------------
     0 | D:1      | Ratboiler the Vampire Venom Mage began the quest for the Orb.
     0 | D:1      | Reached XP level 1. HP: 13/13 MP: 3/3
   613 | D:1      | Reached XP level 2. HP: 19/19 MP: 1/5
  1042 | D:2      | Noticed Sigmund
  1098 | D:2      | Noticed Crazy Yiuf
  1378 | D:2      | Found an opulent altar of Gozag.
  1382 | D:2      | Reached skill level 1 in Conjurations
  1593 | D:2      | Learned a level 2 spell: Cure Poison
  1697 | D:2      | Killed Crazy Yiuf
  1697 | D:2      | Reached skill level 4 in Stealth
  1697 | D:2      | Reached XP level 3. HP: 3/24 MP: 0/6
  2161 | D:3      | Reached XP level 4. HP: 31/31 MP: 7/7
  2170 | D:3      | Learned a level 3 spell: Mephitic Cloud
  2212 | D:3      | Noticed Terence
  2238 | D:3      | Killed Terence
  2238 | D:3      | Reached skill level 1 in Fighting
  2278 | D:3      | Found an iron altar of Okawaru.
  2280 | D:3      | Noticed Grinder
  2470 | D:3      | Reached skill level 5 in Stealth
  2516 | D:3      | Reached XP level 5. HP: 36/38 MP: 5/8
  2549 | D:3      | Noticed a water moccasin
  3069 | D:4      | Reached skill level 6 in Stealth
  3149 | D:4      | Reached XP level 6. HP: 44/47 MP: 5/9
  3383 | D:4      | Reached skill level 7 in Stealth
  3678 | D:4      | Found a shattered altar of Ashenzari.
  3681 | D:4      | Found a shimmering altar of Xom.
  3697 | D:4      | Found a white marble altar of Elyvilon.
  3697 | D:4      | Found a deep blue altar of Sif Muna.
  3700 | D:4      | Found an oddly glowing altar of Pakellas.
  4059 | D:4      | Found a white marble altar of Elyvilon.
  4560 | D:5      | Entered Level 5 of the Dungeon
  4841 | D:5      | HP: 2/47 [orc (4)]
  4842 | D:5      | Slain by an orc

Vault maps used:
D:1:      dpeg_arrival_rooms_c
D:2:      kiku_gazebo_pond_becter, first_bread, nicolae_gozag_seed_capital,
          uniq_crazy_yiuf_cottage, uniq_sigmund
D:3:      cheibriados_altar_wand_db, okawaru_metal_pillars_3, uniq_grinder,
          uniq_terence
D:4:      minitemple, grunt_ministairs_5, elyvilon_altar_4
D:5:      hangedman_ru_absence, dk_yredelemnul_ordeal

Action                   |  1- 3 |  4- 6 || total
-------------------------+-------+-------++-------
Melee: Unarmed           |    11 |       ||    11
       Short sword       |    41 |   123 ||   164
       Whip              |     3 |    86 ||    89
 Cast: Sting             |    62 |    26 ||    88
       Mephitic Cloud    |       |    16 ||    16
  Use: Potion            |     1 |       ||     1
       Scroll            |     4 |     3 ||     7
 Stab: Sleeping          |     3 |     4 ||     7
       Confused          |       |    14 ||    14
  Eat: Corpse            |     9 |    13 ||    22
